[Event "Early-Titled-Tuesday-Blitz-February-06-2024"]
[Site "Chess.com"]
[Date "2024.02.06"]
[Round "1"]
[White "Der_Balak_3Halak"]
[Black "h4parah5"]
[Result "0-1"]
[WhiteElo "2500"]
[BlackElo "2932"]
[TimeControl "180+1"]
[EndTime "8:06:51 PST"]
[Termination "h4parah5 won by resignation"]

1. e4 c5 2. Nf3 e6 3. c3 Nf6 4. e5 Nd5 5. d4 cxd4 6. cxd4 b6 7.
Nc3 Bb7 8. Bd3 Nxc3 9. bxc3 Qc7 10. Bd2 d6 11. exd6 Bxd6 12. Qe2 Nd7 13. Be4 O-O 14. O-O Bc6 15. Rac1 Bxe4 16. Qxe4 Qc4 17. Ng5 Nf6 18.
Qc2 h6 19. Ne4 Nxe4 20. Qxe4 Qxa2 21. Rc2 Qd5 22. Qg4 Qf5 23. Qxf5 exf5 24. c4 Rac8 25. Rfc1 Rc6 26. c5 Be7 27. Bb4 Rd8 28. cxb6 Rxc2 29.
Rxc2 Bxb4 30. bxa7 Ra8 31. Ra2 Bc3 32. d5 Bd4 33.
Rd2 Rxa7 34. Kf1 Be5 35. Ke2 Bd6 36. g3 g6 37. Kf3 Kg7 38. h3 Kf6 39. Re2 Re7 40. Rc2 Re5 41. Rc6 Rxd5 42. Kg2 Rd3 43. Ra6 h5 44. Kf1 Ke6 45. Ke2 Rd5 46. Kf3 Rd4 47.
Kg2 h4 48. Kf3 hxg3 49. fxg3 Rd3+ 50. Kf2 Rxg3 51. Rxd6+ Kxd6 52. Kxg3 Ke5 53. Kf3 f4 54. Kf2 Ke4 55. Ke2 f3+ 56. Kf2 Kf4 57. Kf1 Kg3 58. Kg1 Kxh3 59. Kh1 g5 60. Kg1 g4 61.
Kh1 g3 62. Kg1 f2+ 63. Kf1 g2+ 64. Kxf2 Kh2 0-1

[Event "Early-Titled-Tuesday-Blitz-February-06-2024"]
[Site "Chess.com"]
[Date "2024.02.06"]
[Round "1"]
[White "casparov00000"]
[Black "M1711"]
[Result "0-1"]
[WhiteElo "2321"]
[BlackElo "2646"]
[TimeControl "180+1"]
[EndTime "8:06:52 PST"]
[Termination "M1711 won by resignation"]

1. e4 d5 2. exd5 Qxd5 3. Nc3 Qd8 4. Bc4 Nf6 5. d3 Bg4 6. Nge2 Nc6 7. O-O e6 8. Qe1 Be7 9. Ng3 O-O 10. h3 Bh5 11.
Nxh5 Nxh5 12. f4 Bh4 13. Qe4 Ng3 14. Qf3 Nxf1 15. Qxf1 Qd4+ 16. Kh1 Qf2 17. Qd1 Qe1+ 18. Qxe1 Bxe1 19. Ne4 Na5 20. Bb5 a6 21. Ba4 b5 22.
Bb3 Nxb3 23. axb3 Bb4 24. Be3 Rfd8 25. Kg1 a5 26. Kf2 a4 27. bxa4 Rxa4 28. Rd1 Ra2 29. Bc1 f6 30. c3 Ba5 31. Kf3 Bb6 32. d4 c5 33. Re1 cxd4 34. cxd4 Rxd4 35. Nc3 Ra1 36.
Nxb5 Rb4 37. Nc3 Bd4 38. Rxe6 Rxc1 39. Nd5 Rb3+ 40. Kg4 Rc8 41. f5 Bc5 42. g3 Rxb2 43.
h4 Bf8 44. h5 Rb5 45. Nf4 Rcc5 46. Re8 Kf7 47. Ra8 Rxf5 48. h6 gxh6 49. Ra7+ Be7 50.
Kf3 Rb3+ 51. Kg4 Rg5+ 52. Kh4 Rgb5 53. g4 f5+ 54. Kh5 fxg4+ 55. Kxg4 Rg5+ 56. Kh4 Ra5+ 57. Rxe7+ Kxe7 58. Kg4 Kf6 59. Nh5+ Rxh5 60. Kxh5 Rg3 61. Kh4 Rg5 62. Kh3 Kf5 0-1

[Event "Early-Titled-Tuesday-Blitz-February-06-2024"]
[Site "Chess.com"]
[Date "2024.02.06"]
[Round "1"]
[White "BeautiFullMindChess"]
[Black "karinachess1"]
[Result "0-1"]
[WhiteElo "2286"]
[BlackElo "2618"]
[TimeControl "180+1"]
[EndTime "8:06:53 PST"]
[Termination "karinachess1 won by resignation"]

1. e4 e5 2. Nf3 Nc6 3. Bc4 Nf6 4. d3 h6 5. a4 d6 6. c3 g5 7. Nbd2 Bg7 8. Nf1 Be6 9. Ne3 Qd7 10. a5 a6 11. b4 d5 12. b5 axb5 13. Bxb5 Ng4 14. Nxd5 Bxd5 15. exd5 Qxd5 16. Bc4 Qd7 17. Ba3 e4 18.
O-O exf3 19. Qxf3 Nge5 20. Rfe1 O-O-O 21. Qe4 Nxc4 22. Qxc4 Qxd3 23. Qxf7 Bxc3 24. a6 Bxa1 25. Rxa1 Qxa6 26. h3 Rd7 27. Qe6 Rd8 28. Bb2 Na5 29.
Bc3 Qxe6 30. Rxa5 b6 0-1

[Event "Early-Titled-Tuesday-Blitz-February-06-2024"]
[Site "Chess.com"]
[Date "2024.02.06"]
[Round "1"]
[White "VitaliyBernadskiy"]
[Black "LornerAcosta"]
[Result "1-0"]
[WhiteElo "2905"]
[BlackElo "2495"]
[TimeControl "180+1"]
[EndTime "8:06:55 PST"]
[Termination "VitaliyBernadskiy won on time"]

1. e4 c5 2. Nc3 Nc6 3. Nf3 e6 4. Bb5 Nge7 5. O-O a6 6. Bxc6 Nxc6 7. d4 cxd4 8. Nxd4 Be7 9. Nxc6 bxc6 10. e5 O-O 11.
Ne4 Qc7 12. Bf4 c5 13. Qg4 Kh8 14. Rad1 Bb7 15. Rfe1 Bc6 16. Rd3 Qb7 17. Rg3 Rg8 18.
Rb3 Qc8 19. Rh3 Bxe4 20. Rxe4 g5 21. Bd2 Rg7 22. Rd3 Qc6 23. Rc4 Rag8 24. Bc3 Rg6 25. Qe4 Qc7 26. Ra4 g4 27. Rxa6 f5 28. exf6 Bxf6 29. Bxf6+ Rxf6 30. Ra8 Rxa8 31. Qxa8+ Kg7 32.
Qe4 h5 33. h3 d5 34. Qe2 c4 35.
Rg3 Qf4 36. hxg4 h4 37. Rf3 Qc1+ 38. Kh2 Qxb2 39. Rxf6 Qxf6 40. a4 Qf4+ 41. Kh3 1-0

[Event "Early-Titled-Tuesday-Blitz-February-06-2024"]
[Site "Chess.com"]
[Date "2024.02.06"]
[Round "1"]
[White "Aslanov_Umid"]
[Black "Shivananda1964"]
[Result "1-0"]
[WhiteElo "2671"]
[BlackElo "2352"]
[TimeControl "180+1"]
[EndTime "8:06:55 PST"]
[Termination "Aslanov_Umid won on time"]

1. e4 Nc6 2. d4 e5 3. d5 Nce7 4. Nf3 Ng6 5. Bd3 Bc5 6. a4 a6 7. Nbd2 d6 8. Nc4 Nf6 9. h3 O-O 10. c3 Bd7 11. b4 Ba7 12. a5 Qe7 13. Bg5 h6 14. Bd2 Nh5 15. Be3 Ngf4 16. Bf1 f5 17. exf5 e4 18. Nd4 Bxd4 19. Bxd4 Bxf5 20. Ne3 Bh7 21. g3 Nxg3 22. fxg3 Nd3+ 23. Bxd3 exd3 24. Qg4 Rae8 25. O-O-O Rf2 26. Rd2 Rxd2 27. Kxd2 Be4 28. Re1 c5 29. Nf5 Bxf5 30. Rxe7 1-0

[Event "Early-Titled-Tuesday-Blitz-February-06-2024"]
[Site "Chess.com"]
[Date "2024.02.06"]
[Round "1"]
[White "Iskusnyh"]
[Black "Roedor"]
[Result "1-0"]
[WhiteElo "2659"]
[BlackElo "2343"]
[TimeControl "180+1"]
[EndTime "8:06:55 PST"]
[Termination "Iskusnyh won by resignation"]

1. d4 Nf6 2. c4 g6 3. g3 Bg7 4.
Bg2 O-O 5. Nc3 c5 6. dxc5 Na6 7. Nh3 Nxc5 8. O-O d6 9. Nf4 Rb8 10.
Bd2 a6 11. Rc1 b5 12. cxb5 axb5 13. b4 Ne6 14. Nfd5 Bb7 15. Nxf6+ Bxf6 16. Nd5 Bb2 17. Rc2 Bg7 18. Be3 Bxd5 19. Qxd5 Qd7 20. Rfc1 h5 21. Bh3 Ra8 22. Qd3 Ra4 23. Rb1 Rfa8 24. Bg2 Rb8 25.
Bc6 Qd8 26. Bxb5 h4 27. Bxa4 1-0

[Event "Early-Titled-Tuesday-Blitz-February-06-2024"]
[Site "Chess.com"]
[Date "2024.02.06"]
[Round "1"]
[White "GMWSO"]
[Black "ChessRespected"]
[Result "1-0"]
[WhiteElo "3094"]
[BlackElo "2529"]
[TimeControl "180+1"]
[EndTime "8:06:56 PST"]
[Termination "GMWSO won on time"]

1. b3 d5 2. Bb2 Nf6 3. Nf3 Bf5 4. Nh4 Bg6 5. g3 e6 6. Bg2 Nbd7 7. O-O Bh5 8. c4 c6 9. d4 Be7 10. Nd2 a5 11. h3 Ne4 12. cxd5 cxd5 13. Nxe4 dxe4 14.
d5 Bxh4 15. dxe6 fxe6 16. gxh4 Qxh4 17. Qd6 Qe7 18. Qxe7+ Kxe7 19. Bxe4 Nf6 20. Bxb7 Rab8 21. Ba6 Nd5 22. Kh2 Nb4 23. Bc4 Rhc8 24. Bxg7 a4 25.
Be5 Rb6 26. Rg1 Bg6 27. h4 Nc6 28. Bc3 e5 29. Rad1 axb3 30. axb3 Bc2 31. Rg7+ Kf6 32.
Rf7+ Kg6 33. Rg1+ Kh5 34. Kh3 h6 35. Rf6 Rb7 36. e3 1-0

[Event "Early-Titled-Tuesday-Blitz-February-06-2024"]
[Site "Chess.com"]
[Date "2024.02.06"]
[Round "1"]
[White "djano"]
[Black "the_blue_pill"]
[Result "1-0"]
[WhiteElo "2622"]
[BlackElo "2301"]
[TimeControl "180+1"]
[EndTime "8:06:56 PST"]
[Termination "djano won by resignation"]

1. e4 c5 2. Nc3 g6 3. Bc4 Nc6 4.
h4 h5 5. d3 e6 6. Bg5 Be7 7. Nf3 a6 8. a3 b5 9. Ba2 Nd4 10. Be3 Bf6 11. e5 Bg7 12. Nxd4 cxd4 13. Bxd4 Bb7 14. f3 d6 15. Qe2 Ne7 16. Ne4 dxe5 17.
Bc3 Nf5 18. O-O-O Rc8 19. Kb1 Qc7 20. Rc1 Bxe4 21. Qxe4 Ng3 22. Qb4 Nxh1 23. Rxh1 Qc5 24. Qa5 O-O 25. Bb3 Qc6 26. Re1 Rfd8 27. Qb4 Qc7 28. Qe4 a5 29. g4 a4 30. Ba2 hxg4 31. fxg4 Rd4 32. Qe2 Rf4 33. h5 gxh5 34. gxh5 b4 35.
axb4 a3 36. Rg1 f5 37. Bxe5 Qxe5 38. Qxe5 Rf1+ 39. Rxf1 Bxe5 40. Bxe6+ Kg7 41. Bxc8 1-0

[Event "Early-Titled-Tuesday-Blitz-February-06-2024"]
[Site "Chess.com"]
[Date "2024.02.06"]
[Round "1"]
[White "mary-sanna"]
[Black "PolandHussars"]
[Result "0-1"]
[WhiteElo "2199"]
[BlackElo "2585"]
[TimeControl "180+1"]
[EndTime "8:06:56 PST"]
[Termination "PolandHussars won on time"]

1. d4 Nf6 2. c4 c5 3. d5 e6 4. Nc3 exd5 5. cxd5 d6 6. e4 g6 7. Be3 Bg7 8. h3 O-O 9. Nf3 Re8 10. Bd3 c4 11. Bc2 b5 12. a3 a6 13. O-O Nbd7 14.
Nd4 Bb7 15. Qd2 Qc7 16. Rae1 Nc5 17. Bf4 Nfd7 18. Ndxb5 axb5 19. Nxb5 Qb6 20. Nxd6 Red8 21. Nxc4 Qa6 22. b3 Nb6 23. Nxb6 Qxb6 24. a4 Ba6 25.
Be3 Bxf1 26. Rxf1 Qc7 27. Rc1 Qe7 28. Qb4 Rac8 29. Bb1 Bf8 30. a5 Na6 31. Qb5 Rxc1+ 32. Bxc1 Qc5 33. Qxc5 Bxc5 34. Bd3 Nb4 35. Bc4 Ra8 36.
a6 Nxa6 37. Bb2 Nb4 38. e5 Ra2 39. Bc3 Rc2 40. Be1 Rc1 41. Kf1 Nc2 42. Ke2 Nxe1 43. Kd2 Ra1 44. d6 Nxg2 45. d7 Be7 0-1

[Event "Early-Titled-Tuesday-Blitz-February-06-2024"]
[Site "Chess.com"]
[Date "2024.02.06"]
[Round "1"]
[White "RobertJFischer71"]
[Black "PattyCastillo"]
[Result "1-0"]
[WhiteElo "2538"]
[BlackElo "1953"]
[TimeControl "180+1"]
[EndTime "8:06:56 PST"]
[Termination "RobertJFischer71 won on time"]

1. e4 c5 2. Nf3 d6 3. d4 cxd4 4.
Nxd4 Nf6 5. Nc3 a6 6. h3 e6 7.
g4 d5 8. exd5 Nxd5 9. Nde2 Bb4 10. Bg2 O-O 11. Bd2 Nxc3 12. Nxc3 Nc6 13. Bxc6 bxc6 14.
Qf3 Qb6 15. O-O-O a5 16. a3 Be7 17. Be3 Qc7 18. Ne4 c5 19. Bf4 Qb7 20. Qe3 Bd7 21.
Bd6 Bc6 22. Bxe7 Qxe7 23. Rhe1 Bxe4 24. Qxe4 Rab8 25. f4 Qf6 26. Qe5 Qh4 27. Re3 Qf2 28. Red3 c4 29. Rd7 c3 30. b3 a4 31. b4 Rbc8 32. f5 exf5 33. gxf5 Qf3 34. R7d3 Qf2 35. Rg3 f6 36. Qe6+ Kh8 37. Rgd3 Qf4+ 38. Kb1 Qc7 39. Rd7 Qc4 40. Qe7 1-0

[Event "Early-Titled-Tuesday-Blitz-February-06-2024"]
[Site "Chess.com"]
[Date "2024.02.06"]
[Round "1"]
[White "Jospem"]
[Black "Dinamo3"]
[Result "1-0"]
[WhiteElo "3056"]
[BlackElo "2524"]
[TimeControl "180+1"]
[EndTime "8:06:59 PST"]
[Termination "Jospem won by checkmate"]

1. e4 c5 2. Nf3 Nc6 3. c3 Nf6 4. Bd3 d6 5. h3 e5 6. Bc2 Be7 7. d3 O-O 8. Bg5 Be6 9. Bxf6 Bxf6 10.
Nbd2 d5 11. O-O Re8 12. Re1 Qd7 13. a3 g6 14. b4 d4 15. b5 Na5 16. c4 b6 17. a4 Bg7 18. Nf1 h6 19. Ng3 Rf8 20. Qe2 Kh7 21. Qd2 f6 22. Nh4 h5 23. Qd1 Bh6 24. Qe2 Bg5 25. Nf3 Bh6 26. Nh2 Bf4 27. Qf3 Bh6 28. Ngf1 Qf7 29. h4 Qd7 30. g3 Qe7 31.
Qg2 Rg8 32. Nf3 Raf8 33. N1h2 Qd7 34. Kh1 Bh3 35. Qg1 Be6 36. Re2 Rg7 37. Rf1 Qd6 38. Qg2 g5 39. hxg5 fxg5 40. Ng1 Qd7 41. Ree1 Rgf7 42.
Bd1 g4 43. f3 gxf3 44. Rxf3 Rxf3 45. Nhxf3 Qd6 46. Nh4 Bg4 47. Bxg4 hxg4 48. Rf1 Rxf1 49. Qxf1 Qf8 50. Qe2 Qg7 51. Qf2 Qf8 52. Qe2 Qg7 53. Qd1 Qg5 54. Nf5 Kg6 55. Qf1 Kh5 56. Nh4 Nb3 57. Qf7+ Qg6 58. Qxg6# 1-0

[Event "Early-Titled-Tuesday-Blitz-February-06-2024"]
[Site "Chess.com"]
[Date "2024.02.06"]
[Round "1"]
[White "zajka-molotok"]
[Black "MikaelyanArman"]
[Result "0-1"]
[WhiteElo "2493"]
[BlackElo "2895"]
[TimeControl "180+1"]
[EndTime "8:07:00 PST"]
[Termination "MikaelyanArman won by resignation"]

1. e4 c5 2. Nf3 Nc6 3. Bb5 Nf6 4. e5 Nd5 5. O-O Nc7 6. Bxc6 dxc6 7. h3 g6 8. d3 Bg7 9. Nc3 O-O 10. Re1 b6 11. Bf4 Ne6 12. Bg3 Nd4 13. Ne4 h6 14. Nh2 Nf5 15. Ng4 h5 16. Nh2 Nxg3 17.
Nxg3 h4 18. Ngf1 Qd5 19. Nf3 Ba6 20. Ne3 Qe6 21. Ng4 Rad8 22. Qc1 c4 23. d4 c5 24.
dxc5 Bb7 25. Qf4 Bxf3 26. Qxf3 bxc5 27. Qe3 Rd5 28. Rad1 Rfd8 29. Rxd5 Rxd5 30. Qg5 f5 31. Ne3 Rxe5 32. Qxh4 Re4 33. Qg5 f4 34. Qxc5 fxe3 35. fxe3 Bd4 36. Qb5 Rxe3 37. Rxe3 Qxe3+ 38. Kh2 Qe5+ 0-1

[Event "Early-Titled-Tuesday-Blitz-February-06-2024"]
[Site "Chess.com"]
[Date "2024.02.06"]
[Round "1"]
[White "KChor05"]
[Black "tylityli"]
[Result "1-0"]
[WhiteElo "2603"]
[BlackElo "2256"]
[TimeControl "180+1"]
[EndTime "8:07:00 PST"]
[Termination "KChor05 won on time"]

1. e4 e5 2. Nf3 Nc6 3. Bb5 a6 4.
Ba4 Nf6 5. O-O Be7 6. Re1 b5 7. Bb3 d6 8. c3 O-O 9. d4 Bg4 10. Be3 Na5 11. Bc2 Nc4 12. Bc1 c5 13.
b3 Nb6 14. dxc5 Bxf3 15. Qxf3 dxc5 16. Bg5 c4 17. Nd2 Qc7 18. b4 a5 19. a3 axb4 20.
axb4 Rxa1 21. Rxa1 Ra8 22. Rxa8+ Nxa8 23. Nf1 h6 24. Bh4 Ne8 25. Bg3 Nb6 26. Ne3 Bf8 27.
Nd5 Nxd5 28. exd5 g6 29. h4 h5 30. Qe3 Bd6 31. f4 f6 32. Bxg6 Ng7 33. fxe5 Bxe5 34. Qh6 Bxg3 35. Qh7+ Kf8 36. Qh8+ Ke7 37. Qxg7+ Kd6 38.
Qxf6+ Kxd5 39. Bf7+ Ke4 40. Qf3+ Ke5 41. Qxg3+ 1-0

[Event "Early-Titled-Tuesday-Blitz-February-06-2024"]
[Site "Chess.com"]
[Date "2024.02.06"]
[Round "1"]
[White "Jumbo"]
[Black "noblerone"]
[Result "1-0"]
[WhiteElo "2857"]
[BlackElo "2469"]
[TimeControl "180+1"]
[EndTime "8:07:03 PST"]
[Termination "Jumbo won by resignation"]

1. Nf3 d5 2. e3 Nf6 3. b3 c5 4.
Bb2 Nc6 5. Bb5 Bd7 6. O-O e6 7.
d3 Bd6 8. Bxc6 Bxc6 9. Ne5 Bb5 10. a4 Ba6 11. Nd2 O-O 12. f4 Nd7 13. Qg4 f5 14. Qg3 Nxe5 15. Bxe5 Bxe5 16. fxe5 Qa5 17. Nf3 Qc3 18. Rac1 Rae8 19. h4 b6 20. h5 h6 21.
Nh4 Bb7 22. Ng6 Rf7 23. Qe1 Qxe1 24. Rfxe1 Rc7 25. c3 Kf7 26. a5 b5 27. Nf4 Ke7 28.
Kf2 Rec8 29. Ke2 Bc6 30. Kd2 Be8 31. b4 cxb4 32. cxb4 a6 33. Rxc7+ Rxc7 34. Rh1 Rc1 35. Rxc1 1-0

[Event "Early-Titled-Tuesday-Blitz-February-06-2024"]
[Site "Chess.com"]
[Date "2024.02.06"]
[Round "1"]
[White "Massakru"]
[Black "Timerkhanov"]
[Result "0-1"]
[WhiteElo "2324"]
[BlackElo "2649"]
[TimeControl "180+1"]
[EndTime "8:07:03 PST"]
[Termination "Timerkhanov won on time"]

1. e4 c5 2. Nf3 a6 3. c3 d5 4. exd5 Nf6 5. d4 cxd4 6. Qxd4 Qxd5 7. Qxd5 Nxd5 8. Nbd2 Nc6 9. Nc4 b5 10. Nce5 Nxe5 11.
Nxe5 Bb7 12. Be2 f6 13. Nd3 e5 14. O-O Bd6 15. Rd1 Ke7 16. Bf3 Rhd8 17. Bd2 h6 18.
Be1 f5 19. Nf4 Nxf4 20. Bxb7 Ra7 21. Bf3 e4 22. g3 Nd3 23. Be2 Nxb2 24. Rd5 Ke6 25. Rd4 Rad7 26. Rb1 Ba3 27. Rxd7 Rxd7 28. Kf1 g5 29. f3 e3 30. f4 g4 31. Kg2 Kd5 32. h3 h5 33. hxg4 hxg4 34. Rc1 Ke4 35. Rc2 Nc4 36. Bf1 Rd1 0-1

[Event "Early-Titled-Tuesday-Blitz-February-06-2024"]
[Site "Chess.com"]
[Date "2024.02.06"]
[Round "1"]
[White "Dacean99"]
[Black "erugee"]
[Result "1-0"]
[WhiteElo "2655"]
[BlackElo "2341"]
[TimeControl "180+1"]
[EndTime "8:07:05 PST"]
[Termination "Dacean99 won on time"]

1. e4 e5 2. Nf3 Nc6 3. d4 exd4 4. Bc4 Nf6 5. e5 d5 6. Bb5 Ne4 7. Nxd4 Bd7 8. Bxc6 bxc6 9. O-O c5 10. Nb3 c4 11. Qxd5 cxb3 12. Qxe4 bxc2 13. Qxc2 Qc8 14.
Be3 Be7 15. Nc3 Qb7 16. Rad1 Be6 17. Qa4+ c6 18. Ne4 O-O 19. b3 Bd5 20. Nd6 Qc7 21. Bc5 Rfd8 22. f4 Qd7 23. Qd4 Qg4 24. Qf2 f6 25. h3 Qh5 26. Rde1 Rf8 27. f5 fxe5 28. Rxe5 Bh4 29. Qe2 Qh6 30. Qg4 Rad8 31. Ne4 Rfe8 32. Rxe8+ Rxe8 33. f6 Bxf6 34. Nxf6+ Kh8 35.
Nxe8 1-0

[Event "Early-Titled-Tuesday-Blitz-February-06-2024"]
[Site "Chess.com"]
[Date "2024.02.06"]
[Round "1"]
[White "Yaacovn"]
[Black "Payyappat"]
[Result "1-0"]
[WhiteElo "2824"]
[BlackElo "2456"]
[TimeControl "180+1"]
[EndTime "8:07:07 PST"]
[Termination "Yaacovn won on time"]

1. d4 Nf6 2. e3 c5 3. c3 e6 4. Bd3 Nc6 5. f4 d5 6. Nd2 c4 7. Bc2 b5 8. e4 a5 9. e5 Nd7 10. Ngf3 b4 11. O-O Qb6 12. Kh1 Qb5 13. Ba4 Qb6 14. Qe2 Ba6 15. f5 O-O-O 16. Ng5 Nxd4 17.
cxd4 Qxd4 18. Nxf7 Nc5 19. Nf3 Qg4 20. Nxd8 Kxd8 21.
Bg5+ Kc7 22. Bc2 b3 23. h3 Qh5 24. Rfd1 bxc2 25. Qxc2 Ne4 26. Be3 Qxf5 27. Qa4 Bb4 28. a3 Ra8 29. axb4 axb4 30. Nd4 Qxe5 31. Qc6+ Kb8 32. Qb6+ Kc8 33. Qxe6+ Qxe6 34. Nxe6 c3 35.
bxc3 bxc3 36. Bd4 c2 37. Rdc1 1-0

[Event "Early-Titled-Tuesday-Blitz-February-06-2024"]
[Site "Chess.com"]
[Date "2024.02.06"]
[Round "1"]
[White "Som2310"]
[Black "Brahianzevich"]
[Result "1/2-1/2"]
[WhiteElo "2796"]
[BlackElo "2447"]
[TimeControl "180+1"]
[EndTime "8:07:07 PST"]
[Termination "Game drawn by repetition"]

1. e4 c5 2. Nf3 d6 3. d4 cxd4 4. Nxd4 Nf6 5. Nc3 a6 6. Bc4 e6 7. Bb3 Nbd7 8. O-O Nc5 9. Qe2 Be7 10. f4 O-O 11. Kh1 Bd7 12. e5 dxe5 13. fxe5 Ne8 14. Qh5 Nxb3 15. axb3 Bc6 16. Be3 Qc7 17. Nxc6 Qxc6 18.
Ra4 b5 19. Rg4 g6 20. Qh6 Ng7 21. Ne4 Nf5 22. Rxf5 exf5 23. Bg5 Rfd8 24. h3 Rd1+ 25. Kh2 Bf8 26. Qh4 fxe4 27. Bf6 Bg7 28. Rf4 Qb6 29. Bxg7 Qg1+ 30. Kg3 Qe1+ 31. Rf2 Qe3+ 32. Kh2 Kxg7 33. Qf6+ Kg8 34. Qxf7+ Kh8 35. Qf6+ Kg8 36. Qe6+ Kg7 37. Qe7+ Kh6 38. Rf7 Qg1+ 39. Kg3 Qe3+ 40. Kg4 Qe2+ 41. Kg3 Qe3+ 42. Kh4 g5+ 43. Kg4 Qe2+ 44. Kg3 Qe1+ 45.
Kh2 Qg1+ 46. Kg3 Qe1+ 47. Kh2 Qh1+ 48. Kg3 Qe1+ 1/2-1/2

[Event "Early-Titled-Tuesday-Blitz-February-06-2024"]
[Site "Chess.com"]
[Date "2024.02.06"]
[Round "1"]
[White "salomez"]
[Black "JoachimBN"]
[Result "0-1"]
[WhiteElo "2294"]
[BlackElo "2621"]
[TimeControl "180+1"]
[EndTime "8:07:07 PST"]
[Termination "JoachimBN won on time"]

1. e4 c5 2. Nf3 g6 3. d4 cxd4 4.
Nxd4 Bg7 5. Nc3 Nc6 6. Nb3 Nf6 7. Be2 O-O 8. O-O d6 9. Bg5 a6 10. Kh1 b5 11. f4 Bb7 12. Bf3 b4 13. Nd5 Nxd5 14.
exd5 Na5 15. Re1 Re8 16. Nxa5 Qxa5 17. Rxe7 Rxe7 18. Bxe7 Qc7 19. Bg5 Bxb2 20. Rb1 Bc3 21. f5 Re8 22. Qd3 Qc5 23. fxg6 hxg6 24. Be4 Kg7 25.
Rf1 Qd4 26. Qf3 f5 27. Bxf5 Rf8 28. Qh3 Rxf5 29. Qh6+ Kf7 30. Qxg6+ Kxg6 0-1

[Event "Early-Titled-Tuesday-Blitz-February-06-2024"]
[Site "Chess.com"]
[Date "2024.02.06"]
[Round "1"]
[White "arenal72"]
[Black "bennyficial"]
[Result "1-0"]
[WhiteElo "2560"]
[BlackElo "2124"]
[TimeControl "180+1"]
[EndTime "8:07:07 PST"]
[Termination "arenal72 won on time"]

1. Nf3 d5 2. g3 Bg4 3. Bg2 c6 4. O-O Nf6 5. c4 e6 6. d3 Be7 7. h3 Bh5 8. Bf4 O-O 9. Qb3 Qc8 10. Nc3 Na6 11. Rac1 dxc4 12. dxc4 Nc5 13. Qa3 a5 14. Be3 Nfd7 15. Ne4 b6 16. Nxc5 Bxc5 17. Bxc5 Nxc5 18. Nd4 e5 19. Nxc6 Qe6 20. Qe3 Rfe8 21. Nxe5 Rac8 22. f4 Nd7 23. Bd5 Qxh3 24. Rf2 Nxe5 25. fxe5 Rcd8 26.
Rcf1 Re7 27. Qg5 Rde8 28. Rh2 Qg4 29. Qxh5 Qxg3+ 30. Kh1 h6 31. Rg1 Qe3 32. Rhg2 1-0

[Event "Early-Titled-Tuesday-Blitz-February-06-2024"]
[Site "Chess.com"]
[Date "2024.02.06"]
[Round "1"]
[White "WhiteKnight2612"]
[Black "szachmistrz2500"]
[Result "1-0"]
[WhiteElo "2872"]
[BlackElo "2478"]
[TimeControl "180+1"]
[EndTime "8:07:08 PST"]
[Termination "WhiteKnight2612 won on time"]

1. Nf3 d5 2. d4 Nf6 3. Bf4 c5 4. e3 Nc6 5. c3 Qb6 6. Qb3 c4 7. Qc2 Bf5 8. Qc1 e6 9. Nbd2 h6 10. Be2 Be7 11. O-O O-O 12. Ne5 Nxe5 13. Bxe5 Nd7 14.
Bg3 Bd6 15. e4 Bxg3 16. hxg3 Bg6 17. Bf3 Qd6 18. Re1 b5 19. b3 cxb3 20. axb3 a5 21. exd5 exd5 22. Qa3 Qxa3 23. Rxa3 Nb6 24. Rea1 a4 25.
bxa4 Rxa4 26. R1a2 Rfa8 27. Rxa4 bxa4 28. c4 Ra5 29. c5 Nc4 30. Bxd5 Nxd2 31. Rxd2 Bb1 32. Rb2 Bd3 33. Rb8+ Kh7 34. Bxf7 a3 35. Bg8+ Kg6 36. Ba2 Ra4 37. c6 Bc4 38. c7 1-0

[Event "Early-Titled-Tuesday-Blitz-February-06-2024"]
[Site "Chess.com"]
[Date "2024.02.06"]
[Round "1"]
[White "ferdipy"]
[Black "angelgab3"]
[Result "0-1"]
[WhiteElo "2431"]
[BlackElo "2775"]
[TimeControl "180+1"]
[EndTime "8:07:08 PST"]
[Termination "angelgab3 won by resignation"]

1. e4 e5 2. Nf3 Nc6 3. Bc4 Nf6 4. Ng5 d5 5. exd5 Na5 6. Bb5+ c6 7. dxc6 bxc6 8. Be2 h6 9. Nf3 Bc5 10. O-O e4 11. Ne5 Qd6 12. Ng4 Bxg4 13. Bxg4 h5 14. Be2 Ng4 15. g3 Nxh2 16. Kxh2 h4 17. Kg2 Bxf2 18. Rxf2 hxg3 19. Rf5 Rh2+ 20. Kf1 g6 21. Rg5 Qf4+ 22. Bf3 Rh1+ 23. Kg2 Rxd1 24. Bxd1 Qxg5 25. Nc3 Qh4 26. Nxe4 Qh2+ 27. Kf3 g2 28. Nf6+ Ke7 29. Ng4 Qh1 30. d4 g1=Q+ 31. Kf4 g5+ 0-1

[Event "Early-Titled-Tuesday-Blitz-February-06-2024"]
[Site "Chess.com"]
[Date "2024.02.06"]
[Round "1"]
[White "goodwilll"]
[Black "DonkyDonkyDonkey"]
[Result "0-1"]
[WhiteElo "2496"]
[BlackElo "2905"]
[TimeControl "180+1"]
[EndTime "8:07:09 PST"]
[Termination "DonkyDonkyDonkey won on time"]

1. e4 c5 2. Nf3 d6 3. d4 cxd4 4. Qxd4 Nc6 5. Bb5 Bd7 6. Bxc6 Bxc6 7. c4 Nf6 8. Nc3 e6 9. h3 Be7 10. Be3 O-O 11. O-O a6 12. Rfd1 Qc7 13. Rac1 Qa5 14. a3 Rac8 15. Bg5 h6 16. Bh4 Qh5 17. Bg3 Rfd8 18. b4 b5 19. cxb5 axb5 20. Qe3 Bb7 21. Qe2 Rc4 22. Nxb5 Rxc1 23. Rxc1 Nxe4 24. Bh2 Bf6 25. a4 Qd5 26. Qc4 Qf5 27. Nbd4 Qg6 28. Nc6 Rc8 29. b5 d5 30. Qe2 Bxc6 31. bxc6 e5 32.
c7 Qf5 33. a5 d4 34. Qb5 Nc3 35. Qc4 e4 36. Nd2 Qxa5 37. Bg3 Be5 38. Bxe5 Qxe5 39.
Nb3 Rxc7 40. Qa6 Qd5 41. Qa8+ Qxa8 42. Nxd4 Qd5 43. Nb3 Ne2+ 0-1

[Event "Early-Titled-Tuesday-Blitz-February-06-2024"]
[Site "Chess.com"]
[Date "2024.02.06"]
[Round "1"]
[White "Szparu"]
[Black "emeli_chess"]
[Result "1-0"]
[WhiteElo "2815"]
[BlackElo "2453"]
[TimeControl "180+1"]
[EndTime "8:07:09 PST"]
[Termination "Szparu won on time"]

1. e4 e5 2. Nf3 Nc6 3. Bb5 a6 4.
Ba4 Nf6 5. O-O Nxe4 6. Re1 Nc5 7. Bxc6 dxc6 8. Nxe5 Be7 9. d4 Ne6 10. Be3 O-O 11. c4 f6 12. Nf3 Ng5 13. Bxg5 fxg5 14. Ne5 c5 15. d5 Bd6 16. Nc3 Qf6 17. Nd3 Bf5 18. Ne4 Qg6 19. Ndxc5 Bxc5 20. Nxc5 b6 21. Ne6 Bxe6 22. Rxe6 Qf7 23. Qe2 Rae8 24. Re1 Rxe6 25.
Qxe6 Qxe6 26. Rxe6 Kf7 27. Rc6 Re8 28. Rxc7+ Kf6 29.
g3 Re4 30. b3 Rd4 31. Rc6+ Kf5 32. Rxb6 Kg4 33. Kg2 Rd2 34. Rxa6 h5 35. h3+ Kf5 36. a4 g4 37. h4 g5 38. hxg5 Kxg5 39. Ra8 Rd3 40. Rb8 h4 41. Rg8+ Kf5 42. gxh4 Rxb3 43.
d6 Rd3 44. c5 Kf4 45. Rg6 1-0

[Event "Early-Titled-Tuesday-Blitz-February-06-2024"]
[Site "Chess.com"]
[Date "2024.02.06"]
[Round "1"]
[White "RianKapriaga"]
[Black "jaskol95"]
[Result "0-1"]
[WhiteElo "2265"]
[BlackElo "2607"]
[TimeControl "180+1"]
[EndTime "8:07:09 PST"]
[Termination "jaskol95 won on time"]

1. d4 d5 2. Nf3 Nf6 3. Bf4 e6 4.
e3 c5 5. Nbd2 Nc6 6. c3 Bd6 7. Bg3 O-O 8. Bb5 cxd4 9. exd4 a6 10. Bd3 Qc7 11. O-O Bxg3 12. hxg3 b5 13. a3 Na5 14.
Re1 Nc4 15. Qc2 h6 16. Ne5 Nd7 17. Ndf3 Ndxe5 18. Nxe5 Bd7 19. Re2 Nxe5 20. Rxe5 a5 21. g4 f6 22. Re3 b4 23. axb4 axb4 24. Rae1 bxc3 25. bxc3 Rfc8 26. Bh7+ Kh8 27. Bg6 Qf4 28. Qe2 Ra3 29. Rxe6 Bxe6 30. Qxe6 Raa8 31. g3 Qd2 32. Re3 Rf8 33. Qxd5 Ra2 34. Qf5 Ra1+ 35. Kg2 Qd1 0-1